 Dungeon Crawl Stone Soup version 0.20-a0-739-g6bb112f (webtiles) character file.

99 polly the Shield-Bearer (level 4, -1/29 HPs)
             Began as a Gargoyle Fighter on Feb 25, 2017.
             Slain by Grinder (2 damage)
             ... while paralysed by Grinder
             ... on level 3 of the Dungeon.
             The game lasted 00:01:48 (1901 turns).

polly the Shield-Bearer (Gargoyle Fighter)          Turns: 1901, Time: 00:01:49

Health: -1/29      AC: 15    Str: 24    XL:     4   Next: 72%
Magic:  4/4        EV:  2    Int:  9    God:
Gold:   202        SH:  0    Dex: 10    Spells: 3/3 levels left

rFire    . . .     SeeInvis .   a - +0 flail
rCold    . . .     Gourm    .   o - +0 chain mail
rNeg     + . .     Faith    .   c - +0 shield
rPois    ∞         Spirit   .   (no helmet)
rElec    +         Reflect  .   (no cloak)
rCorr    .         Harm     .   u - +0 pair of gloves
MR       .....                  t - +0 pair of boots
Stlth    ..........             (no amulet)
Regen    0.1/turn               (no ring)
MPRegen  0.1/turn               (no ring)

@: paralysed, mighty
A: negative energy resistance 1, electricity resistance, unbreathing,
petrification resistance, rot immunity, AC +3
a: no special abilities


You were on level 3 of the Dungeon.
You were hungry.

You visited 1 branch of the dungeon, and saw 3 of its levels.

You collected 202 gold pieces.

Inventory:

Hand Weapons
 a - a +0 flail (weapon)
Armour
 c - a +0 shield (worn)
 o - a +0 chain mail (worn)
 t - a +0 pair of boots (worn)
 u - a +0 pair of gloves (worn)
Jewellery
 q - an uncursed ring of protection from fire {unknown}
Scrolls
 e - a scroll of immolation {unknown}
 h - a scroll of noise {unknown}
 l - a scroll of random uselessness {unknown}
 n - a scroll of blinking {unknown}
 p - a scroll of remove curse {unknown}
 r - 5 scrolls of identify {unknown}
 s - a scroll of enchant armour {unknown}
Potions
 g - 3 potions of heal wounds {unknown}
 i - a potion of flight {unknown}
 j - a potion of haste {unknown}
 k - 2 potions of berserk rage {unknown}
 m - a potion of agility {unknown}
 v - a potion of curing {unknown}
Comestibles
 b - a royal jelly
 f - a bread ration


   Skills:
 + Level 3.7 Fighting
 + Level 3.0 Maces & Flails
 + Level 3.7 Armour
 + Level 1.2 Dodging
 + Level 0.2 Stealth
 + Level 4.0 Shields


You had 3 spell levels left.
You didn't know any spells.

Dungeon Overview and Level Annotations

Branches:
Dungeon (3/15)

Altars:
Qazlal
Ru
Yredelemnul
The Shining One

Annotations:
D:3 Grinder


Innate Abilities, Weirdness & Mutations

You are resistant to torment.
Your stone body is resilient. (AC +3)
You are immune to poison.
You resist negative energy. (rN+)
You are resistant to electric shocks. (rElec)
You can survive without breathing.
You are immune to petrification.
You are immune to rotting.


Message History

You completely miss Grinder.
Grinder is severely wounded.
Grinder hits you but does no damage. You block Grinder's attack.
Your shield and chain mail prevent you from hitting Grinder.
Grinder is severely wounded.
Grinder barely misses you.
You sock Grinder!
Grinder is almost dead.
Grinder blinks!
You closely miss Grinder.
Grinder is almost dead.
Grinder gestures at you.
You barely resist. Grinder gestures at you.
You suddenly lose the ability to move!
Grinder hits you but does no damage. Grinder hits you!
* * * LOW HITPOINT WARNING * * *
You writhe in agony.
You die...

#####
#########.#.############
..........#@............
#########.#5################
#.....................
#.#.#.################
#.#.#.# #..... #.#.#.#
#.#### ..#.#.# #'####
####### ##.... ### #.####
### #....


You could see Grinder.

Vanquished Creatures
  An orc wizard (D:2)
  2 adders (D:2)
  2 oozes
  2 orcs (D:3)
  2 giant cockroaches (D:2)
  2 goblins (D:1)
  7 hobgoblins
  8 jackals (D:2)
  3 bats
  A frilled lizard (D:3)
  A kobold (D:3)
  7 rats
  A spectral orc (D:3)
39 creatures vanquished.

Notes
Turn   | Place    | Note
-------+----------+-------------------------------------------
     0 | D:1      | polly the Gargoyle Fighter began the quest for the Orb.
     0 | D:1      | Reached XP level 1. HP: 14/14 MP: 1/1
   104 | D:1      | Reached XP level 2. HP: 16/19 MP: 2/2
   583 | D:2      | Reached XP level 3. HP: 21/23 MP: 3/3
   683 | D:2      | Found a sacrificial altar of Ru.
   707 | D:2      | Reached skill level 1 in Dodging
   707 | D:2      | Reached XP level 4. HP: 22/28 MP: 4/4
  1422 | D:3      | Found a basalt altar of Yredelemnul.
  1425 | D:3      | Reached skill level 4 in Shields
  1617 | D:3      | Found a stormy altar of Qazlal.
  1708 | D:3      | Found a glowing golden altar of the Shining One.
  1871 | D:3      | Noticed Grinder
  1899 | D:3      | Paralysed by Grinder for 3 turns
  1901 | D:3      | HP: 1/29 [Grinder (7)]
  1901 | D:3      | Slain by Grinder

Vault maps used:
D:1:      dpeg_arrival_simpleton_c
D:2:      minmay_misc_feat_cross, nicolae_ru_great_annihilating_truth
D:3:      nicolae_qazlal_general_emergency, yredelemnul_forgotten_temple_becter,
          nicolae_tso_carved_into_rock, uniq_grinder

Skill      XL: |  1  2  3  4 |
---------------+-------------+-----
Dodging        | 1 |  1.2
Maces & Flails | 3 |  3.0
Shields        | 4 |  4.0
Fighting       | |  3.7
Armour         | |  3.7
Stealth        | |  0.2

Action                   |  1- 3 |  4- 6 || total
-------------------------+-------+-------++-------
Melee: Flail             |   128 |    88 ||   216
  Use: Potion            |       |     1 ||     1
 Stab: Paralysed         |       |     2 ||     2
  Eat: Chunk             |       |     3 ||     3
Armor: Scale mail        |    44 |       ||    44
       Chain mail        |    32 |    53 ||    85
Dodge: Dodged            |    36 |    20 ||    56
Block: Shield            |    69 |    51 ||   120
